 Dungeon Sprint DCSS version 0.20.1-1-g8b1a95d (webtiles) character file.

30 wojtek the Cudgeler (level 3, -7/36 HPs)
             Began as a Minotaur Fighter on Dec 27, 2017.
             Was an Initiate of Trog.
             Mangled by a two-headed ogre
             ... wielding a +0 giant club
              (16 damage)
             ... in the Dungeon (Sprint IX: "|||||||||||||||||||||||||||||").
             The game lasted 00:00:51 (184 turns).

wojtek the Cudgeler (Minotaur Fighter)               Turns: 184, Time: 00:00:52

Health: -7/36      AC: 23    Str: 24    XL:     3   Next: 5%
Magic:  2/2        EV:  6    Int:  5    God:    Trog [......]
Gold:   0          SH:  0    Dex:  9    Spells: 2/2 levels left

rFire    . . .     SeeInvis .   a - +2 dire flail (protect)
rCold    . . .     Gourm    .   (shield currently unavailable)
rNeg     . . .     Faith    .   s - +0 plate armour
rPois    .         Spirit   .   (helmet restricted)
rElec    .         Reflect  .   q - +0 cloak
rCorr    .         Harm     .   r - +0 pair of gloves
MR       .....     NoTele   +   (no boots)
Stlth    ..........             (no amulet)
Regen    0.2/turn               p - +2 ring of protection
MPRegen  0.1/turn               t - +3 ring of strength

@: protection aura
A: retaliatory headbutt, horns 2
a: Burn Spellbooks, Renounce Religion


You were in the Dungeon.
You worshipped Trog.
Trog was noncommittal.
You were not hungry.

You visited 1 branch

Inventory:

Hand Weapons
 a - a +2 dire flail of protection (weapon)
 b - a +0 flail
Armour
 c - a +0 shield
 q - a +0 cloak (worn)
 r - a +0 pair of gloves (worn)
 s - a +0 plate armour (worn)
Jewellery
 p - a +2 ring of protection (left hand)
 t - a +3 ring of strength (right hand)
Wands
 o - a wand of iceblast (7/15)
Scrolls
 k - 2 scrolls of blinking
 n - 3 scrolls of remove curse
Potions
 d - a potion of might
 e - 5 potions of curing
 g - 3 potions of heal wounds
 h - a potion of haste
 i - 4 potions of magic
 j - a potion of berserk rage
 m - a potion of invisibility
Comestibles
 f - a bread ration
 l - 7 chunks of flesh


   Skills:
 + Level 5.0 Fighting
 * Level 5.8 Maces & Flails
 + Level 5.0 Armour
 - Level 3.6 Shields


You had 2 spell levels left.
You didn't know any spells.

Dungeon Overview and Level Annotations

Branches:
Dungeon (1/1)

Altars:
Cheibriados
Dithmenos
Elyvilon
Fedhas
Gozag
Hepliaklqana
Kikubaaqudgha
Makhleb
Nemelex Xobeh
Okawaru
Qazlal
Ru
Sif Muna
Trog
Uskayaw
Vehumet
Xom
Yredelemnul
Zin
The Shining One
Beogh
Jiyva
Lugonu


Innate Abilities, Weirdness & Mutations

You reflexively headbutt those who attack you in melee.
You have a pair of horns on your head.


Message History

The two-headed ogre hits you but does no damage.
You puncture the two-headed ogre!
You headbutt the two-headed ogre, but do no damage.
The two-headed ogre is heavily wounded.
You completely miss the two-headed ogre.
You headbutt the two-headed ogre!
The two-headed ogre is heavily wounded.
The two-headed ogre hits you with a giant club.
The two-headed ogre hits you with a giant spiked club!
You completely miss the two-headed ogre.
Your headbutt misses the two-headed ogre.
The two-headed ogre is heavily wounded.
The two-headed ogre hits you with a giant club!
* * * LOW HITPOINT WARNING * * *
The two-headed ogre hits you but does no damage.
You sock the two-headed ogre!
Your headbutt misses the two-headed ogre.
The two-headed ogre is severely wounded.
The two-headed ogre hits you with a giant club!
You die... ▓▓▓▓▓▓▓▓▓▓▓▓▓▓▓▓▓▓▓▓▓▓▓▓ .FFSyFO@.[..)|?.'____.__ ▓▓▓▓▓▓▓▓▓▓▓▓▓▓▓▓▓▓▓▓▓▓▓▓

You could see a two-headed ogre, 3 bullfrogs, a killer bee and an adder.

Vanquished Creatures
  An adder (D)
  A shadow imp (D)
  An ooze (D)
  An orc (D)
  A giant cockroach (D)
  A hobgoblin (D)
  2 kobolds (D)
  A frilled lizard (D)
  A jackal zombie (D)
10 creatures vanquished.

Notes
Turn   | Place    | Note
-------+----------+-------------------------------------------
     0 | D        | wojtek the Minotaur Fighter began the quest for the Orb.
     0 | D        | Reached XP level 1. HP: 19/19 MP: 0/0
    21 | D        | Reached XP level 2. HP: 22/27 MP: 1/1
    77 | D        | Reached skill level 5 in Maces & Flails
    87 | D        | Reached skill level 5 in Fighting
    87 | D        | Reached skill level 5 in Armour
    87 | D        | Reached XP level 3. HP: 31/36 MP: 2/2
    97 | D        | Found a roughly hewn altar of Beogh.
    97 | D        | Found a snail-covered altar of Cheibriados.
    97 | D        | Found a shadowy altar of Dithmenos.
    97 | D        | Found a white marble altar of Elyvilon.
    97 | D        | Found a blossoming altar of Fedhas.
    97 | D        | Found an opulent altar of Gozag.
    98 | D        | Found a hazy altar of Hepliaklqana.
    99 | D        | Found a viscous altar of Jiyva.
   100 | D        | Found an ancient bone altar of Kikubaaqudgha.
   101 | D        | Found a corrupted altar of Lugonu.
   102 | D        | Found a burning altar of Makhleb.
   103 | D        | Found a sparkling altar of Nemelex Xobeh.
   104 | D        | Found an iron altar of Okawaru.
   105 | D        | Found a stormy altar of Qazlal.
   106 | D        | Found a sacrificial altar of Ru.
   107 | D        | Found a deep blue altar of Sif Muna.
   108 | D        | Found a bloodstained altar of Trog.
   109 | D        | Found a hide-covered altar of Uskayaw.
   110 | D        | Found a radiant altar of Vehumet.
   112 | D        | Found a shimmering altar of Xom.
   113 | D        | Found a basalt altar of Yredelemnul.
   114 | D        | Found a glowing silver altar of Zin.
   115 | D        | Found a glowing golden altar of the Shining One.
   116 | D        | Became a worshipper of Trog the Wrathful
   175 | D        | Noticed a bullfrog
   175 | D        | Noticed a bullfrog
   175 | D        | Noticed a killer bee
   175 | D        | Noticed a two-headed ogre
   175 | D        | Noticed a bullfrog
   184 | D        | Mangled by a two-headed ogre

Skill      XL: |  1  2 |
---------------+-------+-----
Maces & Flails | 4 5 |  5.8
Fighting       | 4 5 |  5.0
Armour         | 4 5 |  5.0
Shields        | |  3.6

Action                   || total
-------------------------++-------
Melee: Flail             ||    30
       Headbutt          ||     8
       Dire flail        ||     9
Armor: Scale mail        ||    10
       Plate armour      ||     6
Dodge: Dodged            ||     7
Block: Shield            ||     8
